 Dungeon Crawl Stone Soup version 0.18-a0-1800-gdc7a371 (webtiles) character file.

1859 4thArraOfDagon the Covert (level 8, -1/36 HPs)
             Began as a Spriggan Summoner on Apr 24, 2016.
             Was an Initiate of Gozag.
             Slain by an ogre
             ... wielding a +0 giant club
              (28 damage)
             ... on level 11 of the Dungeon.
             The game lasted 00:17:13 (2667 turns).

4thArraOfDagon the Covert (Spriggan Summoner)       Turns: 2667, Time: 00:17:15

Health: -1/36      AC:  2    Str:  4    XL:     8   Next: 89%
Magic:  13/13      EV: 24    Int: 17    God:    Gozag
Gold:   452        SH:  0    Dex: 18    Spells: 1 memorised, 11 levels left

rFire  . . .     SeeInvis +     f - +2 rapier (speed)
rCold  . . .     Gourm    .     a - +0 robe
rNeg   . . .     Faith    .     (shield restricted)
rPois  +         Spirit   .     (helmet restricted)
rElec  .         Dismiss  .     (no cloak)
rCorr  .         Reflect  .     (gloves unavailable)
SustAt .         Harm     .     (boots unavailable)
MR     ++...                    (no amulet)
Stlth  ++++++....               E - ring of poison resistance
                                A - ring of protection from magic

@: gold aura, very slightly contaminated, invisible, very quick, very resistant
to hostile enchantments, very stealthy
A: unfitting armour, see invisible, herbivore 3, speed 3, slow metabolism 2
a: Potion Petition, Call Merchant, Bribe Branch, Renounce Religion


You were on level 11 of the Dungeon.
You worshipped Gozag.
Gozag was noncommittal.
You were hungry.

You visited 2 branches of the dungeon, and saw 13 of its levels.

You collected 542 gold pieces.
You paid 90 gold pieces to Gozag.

Inventory:

Hand Weapons
 f - a +2 rapier of speed (weapon)
 j - a +0 dagger
 l - a +0 short sword
Armour
 a - a +0 robe (worn)
Magical Staves
 m - an uncursed staff of death {unknown}
Jewellery
 A - a ring of protection from magic (left hand)
 E - a ring of poison resistance (right hand)
 G - a +3 ring of protection {unknown}
Wands
 g - a wand of flame (0/48)
 k - a wand of flame (14/48)
 r - a wand of flame (32/48)
 z - a wand of slowing (9/48)
Scrolls
 e - a scroll of amnesia {unknown}
 q - 2 scrolls of remove curse
 t - a scroll of teleportation
 x - a scroll of fog {unknown}
 y - a scroll of blinking {unknown}
 B - a scroll of magic mapping {unknown}
 F - a scroll of immolation {unknown}
Potions
 d - 2 potions of flight {unknown}
 n - a potion of cure mutation {unknown}
 p - 3 potions of agility {unknown}
 w - a potion of ambrosia {unknown}
 C - a potion of degeneration {unknown}
 D - a potion of berserk rage {unknown}
Books
 b - a book of Callings

   Spells                             Type                      Level
   a - Summon Small Mammal            Summoning                    1
   b - Call Imp                       Summoning                    2
   c - Call Canine Familiar           Summoning                    3
   d - Summon Guardian Golem          Hexes/Summoning              3
   e - Summon Lightning Spire         Summoning/Air                4
   f - Summon Ice Beast               Ice/Summoning                4
 s - a book of Geomancy

   Spells                             Type                      Level
   a - Sandblast                      Earth                        1
   b - Passwall                       Transmutation/Earth          2
   c - Stone Arrow                    Conjuration/Earth            3
   d - Petrify                        Transmutation/Earth          4
   e - Lee's Rapid Deconstruction     Earth                        5
 u - a book of Power

   Spells                             Type                      Level
   a - Fulminant Prism                Conjuration/Hexes            4
   b - Iskenderun's Mystic Blast      Conjuration                  4
   c - Venom Bolt                     Conjuration/Poison           5
   d - Bolt of Magma                  Conjuration/Fire/Earth       5
   e - Iron Shot                      Conjuration/Earth            6
   f - Orb of Destruction             Conjuration                  7
   g - Spellforged Servitor           Conjuration/Summoning        7
Comestibles
 c - 4 bread rations
 h - a royal jelly
 i - 2 slices of pizza


   Skills:
 + Level 7.3 Short Blades
 + Level 7.8 Dodging
 * Level 12.1 Stealth
 - Level 2.6 Spellcasting
 - Level 3.2 Summonings


You had 11 spell levels left.
You knew the following spells:

 Your Spells              Type           Power        Failure   Level  Hunger
a - Summon Small Mammal   Summ           ##..         6%          1    #......


Dungeon Overview and Level Annotations

Branches:
Dungeon (12/15)            Temple (1/1) D:7            Lair (0/8) D:11
    Orc (0/2) D:11

Altars:
Ashenzari
Dithmenos
Gozag
Kikubaaqudgha
Makhleb
Pakellas
Sif Muna
Trog
Vehumet
Xom
Yredelemnul
The Shining One

Annotations:
D:7 Duvessa
D:10 Maud


Innate Abilities, Weirdness & Mutations

You are tiny and cannot use many weapons and most armour.
You have supernaturally acute eyesight.
You are a herbivore.
You cover ground extremely quickly.
You need consume almost no food.


Message History

Unknown command.
You strike the helpless gnoll sergeant from behind!
You impale the gnoll sergeant!!
You kill the gnoll sergeant!
The orc is no longer distracted by gold.
The ogre is distracted by the nearby gold. x2
The gnoll sergeant misses you. The gnoll barely misses you.
The ogre shouts!
You catch the helpless ogre completely off-guard!
You impale the ogre!!
The ogre is no longer distracted by gold.
The ogre is almost dead.
The ogre shouts!
The big kobold is no longer distracted by gold.
The gnoll sergeant barely misses you.
The gnoll throws a throwing net.
The throwing net completely misses the ogre.
The ogre hits you with a giant club!!
Ouch! That really hurt!
You die...
Your body crumbles into a pile of gold.

..P>P...#.......######.
..PPPP..#.####)........
##..P##...# ##.######
#...#....# #.#
.......#..#####.#
#######.......#.#######
###..####.#8gKO8#
#...>##.#gKo..#
###.#.##.@OgKTg#
#.....##.#O.oO.#
###......#.#8ggo8#
#........#.#######
#.#......#..#####.#
#.#(.....##........
#.###.............. #.#
####Y##.###### #.#
#.##.#


You could see a troll (wandering), 3 big kobolds, 4 ogres, a gnoll sergeant, 5
gnolls and 3 orcs.

Vanquished Creatures
  A hill giant (D:11)
  A troll (D:9)
  A two-headed ogre (D:9)
  A yak (D:9)
  An orc warrior (D:7)
  A wasp (D:11)
  A centaur (D:11)
  A big kobold (D:11)
  2 gnoll sergeants (D:11)
  Dowan (D:7)
  2 killer bees
  A crimson imp (D:7)
  A quasit (D:11)
  A hound (D:6)
  A giant frog zombie (D:8)
  A worker ant (D:10)
  A hound skeleton (D:11)
  A worker ant zombie (D:11)
  4 adders
  A worm (D:5)
  2 dart slugs
  6 orcs
  4 giant cockroaches
  2 hobgoblins (D:2)
  A jackal (D:6)
  A quokka (D:6)
  A bat (D:3)
  A jackal zombie (D:8)
  A kobold (D:1)
  2 rats
46 creatures vanquished.

Vanquished Creatures (collateral kills)
  A hound (D:8)
  4 orcs
  A bat (D:2)
  A kobold (D:3)
7 creatures vanquished.

Grand Total: 53 creatures vanquished

Notes
Turn   | Place    | Note
--------------------------------------------------------------
     0 | D:1      | 4thArraOfDagon the Spriggan Summoner began the quest for the Orb.
     0 | D:1      | Reached XP level 1. HP: 9/9 MP: 5/5
   225 | D:2      | Reached skill level 1 in Short Blades
   242 | D:2      | Reached XP level 2. HP: 7/13 MP: 3/6
   376 | D:3      | Reached skill level 4 in Stealth
   497 | D:5      | Entered Level 5 of the Dungeon
   512 | D:5      | Reached XP level 3. HP: 5/16 MP: 8/8
   685 | D:4      | Found a burning altar of Makhleb.
   685 | D:4      | Noticed a blizzard demon
   866 | D:7      | Found an oddly glowing altar of Pakellas.
   868 | D:7      | Noticed an orc warrior
   881 | D:7      | Killed an orc warrior
   881 | D:7      | Reached skill level 6 in Stealth
   881 | D:7      | Reached XP level 4. HP: 20/21 MP: 9/9
   973 | D:7      | Found a radiant altar of Vehumet.
   993 | D:7      | Reached XP level 5. HP: 17/24 MP: 10/10
  1018 | D:7      | Found a staircase to the Ecumenical Temple.
  1018 | D:7      | Noticed Duvessa
  1018 | D:7      | Noticed Dowan
  1057 | D:7      | Killed Dowan
  1065 | Temple   | Entered the Ecumenical Temple
  1079 | Temple   | Became a worshipper of Gozag Ym Sagoz the Greedy
  1278 | D:9      | Noticed a troll
  1288 | D:9      | Killed a troll
  1288 | D:9      | Reached skill level 8 in Stealth
  1288 | D:9      | Reached XP level 6. HP: 3/28 MP: 11/11
  1363 | D:9      | Noticed a two-headed ogre
  1376 | D:9      | Noticed a two-headed ogre
  1386 | D:9      | Killed a two-headed ogre
  1386 | D:9      | Reached skill level 5 in Short Blades
  1386 | D:9      | Reached skill level 5 in Dodging
  1386 | D:9      | Reached XP level 7. HP: 16/32 MP: 12/12
  1545 | D:7      | Reached skill level 9 in Stealth
  1589 | D:7      | Found a deep blue altar of Sif Muna.
  1782 | D:5      | You fall through a shaft for 3 floors!
  1895 | D:9      | Noticed a human
  1896 | D:9      | Noticed a hog
  1913 | D:10     | Entered Level 10 of the Dungeon
  1913 | D:10     | Noticed a hill giant
  1990 | D:9      | Found a bloodstained altar of Trog.
  2023 | D:9      | Noticed a yak
  2028 | D:9      | Noticed a yak
  2028 | D:9      | Noticed a yak
  2028 | D:9      | Noticed a yak
  2032 | D:9      | Killed a yak
  2033 | D:9      | Noticed a yak
  2033 | D:9      | Noticed a yak
  2094 | D:10     | Noticed Maud
  2098 | D:10     | :(
  2153 | D:11     | Reached skill level 10 in Stealth
  2153 | D:11     | Reached XP level 8. HP: 16/36 MP: 13/13
  2230 | D:11     | manon: That rapier was a nice find :-)
  2473 | D:11     | Found a staircase to the Lair.
  2531 | D:11     | Noticed a hill giant
  2560 | D:11     | Noticed a hill giant
  2649 | D:11     | Killed a hill giant
  2649 | D:11     | Reached skill level 11 in Stealth
  2658 | D:11     | Found a staircase to the Orcish Mines.
  2658 | D:11     | Noticed a troll
  2664 | D:11     | Reached skill level 12 in Stealth
  2667 | D:11     | Slain by an ogre

Vault maps used:
D:1:      scummos_arrival_star, minmay_misc_feat_room, corexii_hall_statues_l,
          minivault_27, item_on_display_a
D:2:      first_bread, hex_large
D:3:      nicolae_ru_great_annihilating_truth, grunt_decor_cap, hex_medium,
          kennysheep_generic_room_6, uniq_jessica
D:4:      cheibriados_altar_wand_db, nicolae_overflow_hidden_temple,
          makhleb_altar_promises_db, uniq_natasha
D:6:      basic_altar, uniq_grinder
D:7:      marbit_many_paths, vehumet_crystals, lemuel_doored_altar,
          minmay_temple_entry_hall, uniq_duvessa
D:9:      bloody_trog, serial_shops, kennysheep_little_box, grunt_livestock
D:10:     kennysheep_blocky_hall, serial_column_ruins, column_ruins_hut_water,
          column_ruins_hut, column_ruins_columns_straight,
          column_ruins_open_small_water, column_ruins_open_small,
          kennysheep_doodads, kennysheep_generic_room_7, uniq_maud
D:11:     dpeg_oklobed_lair, kennysheep_orc_monster_closet_entryway,
          lightli_fourway_metalbox
D:12:     special_room, uniq_fannar
Temple:   zaba_magenta_temple_12

Skill      XL: |  1  2  3  4  5  6  7  8 |
---------------+-------------------------+-----
Short Blades   | 1 3 4 5 6 7 |  7.3
Stealth        | 4 6 8 10 12 | 12.1
Dodging        | 4 5 6 7 |  7.8
Spellcasting   | |  2.6
Summonings     | |  3.2

Action                   |  1- 3 |  4- 6 |  7- 9 || total
-------------------------+-------+-------+-------++-------
Melee: Dagger            |    59 |     9 |     9 ||    77
       Short sword       |       |       |    12 ||    12
       Rapier            |       |       |    89 ||    89
 Cast: Summon Small Mamm |    12 |     6 |       ||    18
Evoke: Wand              |     3 |    12 |    26 ||    41
  Use: Scroll            |     8 |       |     1 ||     9
       Potion            |       |     1 |     6 ||     7
 Stab: Sleeping          |    13 |     4 |     7 ||    24
       Invisible         |       |       |     4 ||     4
Armor: Robe              |     8 |     2 |    11 ||    21
       Skin              |       |       |    12 ||    12
Dodge: Dodged            |    56 |    11 |   114 ||   181
